 Dungeon Crawl Stone Soup version 0.20-a0-1017-gc3250ce (webtiles) character file.

3038 Jakanory the Cleaver (level 9, -5/121 HPs)
             Began as a Minotaur Berserker on Apr 16, 2017.
             Was an Elder of Trog.
             Slain by an orc knight
             ... wielding a +0 halberd
              (23 damage)
             ... in a bailey.
             The game lasted 00:20:39 (7544 turns).

Jakanory the Cleaver (Minotaur Berserker)           Turns: 7544, Time: 00:20:40

Health: -5/121     AC: 20    Str: 27    XL:     9   Next: 56%
Magic:  8/8        EV:  9    Int:  4    God:    Trog [****..]
Gold:   329        SH:  0    Dex: 13    Spells: 8/8 levels left

rFire    . . .     SeeInvis .   N - +0 war axe
rCold    + . .     Gourm    .   (no shield)
rNeg     . . .     Faith    .   O - +0 plate armour
rPois    .         Spirit   .   L - +2 hat {MR+}
rElec    .         Reflect  .   D - +1 cloak {MR+}
rCorr    .         Harm     .   (no gloves)
MR       +++..                  x - +2 pair of boots
Stlth    ..........             (no amulet)
Regen    0.3/turn               F - ring of protection from cold
MPRegen  0.2/turn               I - ring of protection from magic

@: mighty, berserking, very quick
A: retaliatory headbutt, horns 2
a: Berserk, Trog's Hand, Brothers in Arms, Burn Spellbooks, Renounce Religion


You were in a bailey.
You worshipped Trog.
Trog was greatly pleased with you.
You were very hungry.

You visited 2 branches of the dungeon, and saw 9 of its levels.
You also visited: Bailey.

You collected 643 gold pieces.
You spent 314 gold pieces at shops.

Inventory:

Hand Weapons
 a - a +0 hand axe
 C - a cursed -2 falchion
 N - a +0 war axe (weapon)
Missiles
 q - 6 javelins (quivered)
 M - 4 needles of frenzy
Armour
 e - a +0 scale mail of poison resistance
 x - a +2 pair of boots (worn)
 D - a +1 cloak of magic resistance (worn)
 L - a +2 hat of magic resistance (worn)
 O - a +0 plate armour (worn)
Jewellery
 F - a ring of protection from cold (left hand)
 I - a ring of protection from magic (right hand)
Wands
 A - a wand of iceblast (5/15)
 J - a wand of iceblast (7/15)
Scrolls
 f - 4 scrolls of teleportation
 h - a scroll of fog {unknown}
 m - 4 scrolls of remove curse
 n - 3 scrolls of enchant weapon
 p - 4 scrolls of amnesia {unknown}
 r - 3 scrolls of enchant armour {unknown}
 t - 4 scrolls of blinking {unknown}
 v - 3 scrolls of recharging {unknown}
 w - a scroll of fear {unknown}
 y - 4 scrolls of identify
 G - a scroll of acquirement {unknown}
Potions
 d - a potion of mutation {unknown}
 g - a potion of lignification {unknown}
 i - a potion of resistance {unknown}
 j - 4 potions of haste {unknown}
 l - 3 potions of flight
 o - 2 potions of agility {unknown}
 u - 5 potions of curing
 z - a potion of might
 B - a potion of berserk rage {unknown}
 H - a potion of brilliance {unknown}
 K - a potion of degeneration {unknown}
 P - a potion of experience {unknown}
 Q - 2 potions of heal wounds {unknown}
 R - 2 potions of invisibility {unknown}
Comestibles
 b - a fruit
 c - 9 bread rations
 k - 8 meat rations
 s - 5 royal jellies
 E - 2 chunks of flesh


   Skills:
 - Level 8.1 Fighting
 + Level 11.7 Axes
 - Level 7.1 Armour
 - Level 4.1 Dodging
 - Level 3.2 Unarmed Combat


You had 8 spell levels left.
You didn't know any spells.

Dungeon Overview and Level Annotations

Branches:
Dungeon (8/15)             Temple (1/1) D:7
   Lair: D:8-11

Altars:
Ashenzari
Cheibriados
Dithmenos
Elyvilon
Fedhas
Gozag
Hepliaklqana
Kikubaaqudgha
Makhleb
Nemelex Xobeh
Okawaru
Qazlal
Ru
Sif Muna
Trog
Uskayaw
Vehumet
Wu Jian
Xom
Yredelemnul
Zin
The Shining One

Shops:
D:5 [   D:6 (

Annotations:
D:6 1 runed door


Innate Abilities, Weirdness & Mutations

You reflexively headbutt those who attack you in melee.
You have a pair of horns on your head.


Message History

You kill the orc!
Trog accepts your kill.
The orc hits you from afar with a trident!
The orc warrior hits you with a spear!
The orc knight hits you with a halberd!!
The orc warrior hits you with a glaive.
Items here: )) [ † an enchanted spear; a halberd; a scale mail; an orc corpse You feel very mighty all of a sudden.
The orc knight roars a battlecry!
The orc knight goes into a battle-frenzy!
The orc barely misses you.
The orc warrior hits you from afar with a bardiche.
The orc warrior hits you with a spear!
* * * LOW HITPOINT WARNING * * *
A red film seems to cover your vision as you go berserk!
You feel yourself moving faster!
You feel mighty!
You are feeling very hungry.
The orc knight hits you with a halberd!!
You die...

## ####### ##########
..#########.....## ##....))..∩
...#.....#.....))######....)))...
..o'..o..'....oo)#)...#.....))†..
o..o.o.o.'...ooo@)....'.....))...
...'.....'...ooo)#....#..........
...#.....#.......######..........
..#########.....## ##........∩ ##
####### ##########


You could see 2 orc knights, 3 orc warriors and 3 orcs.

Vanquished Creatures
  A hippogriff (D:7)
  Sigmund (D:5)
  2 ice beasts
  4 orc warriors (Bailey)
  2 phantoms
  3 ogres
  A centaur (D:6)
  A big kobold (D:7)
  3 bullfrogs
  2 scorpions (D:5)
  2 killer bees (D:6)
  A howler monkey (D:6)
  4 crimson imps
  A bullfrog zombie (D:5)
  3 hounds
  2 jellies
  5 orc wizards (D:5)
  Jessica (D:3)
  A centaur skeleton (D:5)
  An iguana (D:4)
  Natasha (twice) (D:2)
  11 worker ants
  A killer bee zombie (D:7)
  A hound skeleton (D:4)
  2 hound zombies
  3 adders
  3 gnolls (D:4)
  4 oozes
  4 worms
  5 dart slugs
  4 leopard geckos
  36 orcs
  A ball python (D:3)
  9 giant cockroaches
  12 goblins
  2 hobgoblins
  13 jackals
  17 kobolds
  6 quokkas
  9 bats
  3 frilled lizards
  2 leopard gecko skeletons
  8 rats
  4 butterflies (D:6)
203 creatures vanquished.

Notes
Turn   | Place    | Note
-------+----------+-------------------------------------------
     0 | D:1      | Jakanory the Minotaur Berserker began the quest for the Orb.
     0 | D:1      | Reached XP level 1. HP: 19/19 MP: 0/0
   229 | D:1      | Reached skill level 4 in Axes
   229 | D:1      | Reached XP level 2. HP: 23/26 MP: 1/1
   492 | D:1      | Reached skill level 5 in Axes
   498 | D:1      | Reached XP level 3. HP: 18/31 MP: 2/2
  1032 | D:2      | Reached ** piety under Trog
  1268 | D:2      | Reached XP level 4. HP: 39/39 MP: 3/3
  1400 | D:2      | Found a stormy altar of Qazlal.
  1486 | D:2      | Found a white marble altar of Elyvilon.
  1763 | D:2      | Found a shimmering altar of Xom.
  1763 | D:2      | Noticed Natasha
  1774 | D:2      | Killed Natasha
  2130 | D:2      | Noticed Natasha
  2137 | D:2      | Killed Natasha
  2137 | D:2      | Reached XP level 5. HP: 30/45 MP: 4/4
  2413 | D:2      | Reached skill level 6 in Axes
  2546 | D:3      | Found a glowing silver altar of Zin.
  2547 | D:3      | Found an opulent altar of Gozag.
  2661 | D:3      | Noticed Jessica
  2665 | D:3      | Killed Jessica
  2825 | D:3      | Found a bloodstained altar of Trog.
  3770 | D:4      | Found a sacrificial altar of Ru.
  3820 | D:4      | Reached *** piety under Trog
  3820 | D:4      | Reached XP level 6. HP: 53/53 MP: 5/5
  3832 | D:4      | Reached skill level 5 in Fighting
  3832 | D:4      | Reached skill level 7 in Axes
  4346 | D:5      | Entered Level 5 of the Dungeon
  4353 | D:5      | Reached skill level 1 in Unarmed Combat
  4394 | D:5      | Reached XP level 7. HP: 61/61 MP: 6/6
  4448 | D:5      | Reached skill level 8 in Axes
  4639 | D:5      | Noticed Sigmund
  4659 | D:5      | Found Egioqoff's Antique Armour Emporium.
  4672 | D:5      | Bought a pair of runed boots for 157 gold pieces
  4672 | D:5      | Bought a glowing cloak for 157 gold pieces
  4869 | D:5      | Reached skill level 5 in Armour
  5031 | D:5      | Reached skill level 9 in Axes
  5049 | D:5      | Reached **** piety under Trog
  5174 | D:5      | Killed Sigmund
  5174 | D:5      | Reached XP level 8. HP: 68/68 MP: 7/7
  5381 | D:6      | Found a shadowy altar of Dithmenos.
  5426 | D:6      | Found Soiliph's Weapon Emporium.
  5513 | D:6      | Found a runed door.
  5542 | D:6      | Found a runed door.
  5566 | D:6      | Reached skill level 10 in Axes
  6071 | D:6      | Reached skill level 11 in Axes
  6166 | D:6      | Reached XP level 9. HP: 62/75 MP: 8/8
  6452 | D:7      | Found a hide-covered altar of Uskayaw.
  6655 | D:7      | Found a staircase to the Ecumenical Temple.
  6673 | Temple   | Entered the Ecumenical Temple
  7154 | D:8      | Received a gift from Trog
  7171 | D:8      | Found a flagged portal.
  7185 | Bailey   | Entered a bailey
  7518 | Bailey   | Noticed an orc knight
  7518 | Bailey   | Noticed an orc knight
  7544 | Bailey   | Slain by an orc knight

Vault maps used:
D:1:      lordsloth_arrival_two_stooges, kennysheep_small_spiral,
          kennysheep_decorative_pillar, minmay_pentomino_r2
D:2:      kb_forest_paths, lemuel_coloured_pillars_altar, elyvilon_altar_5,
          lemuel_crystal_altar, uniq_natasha
D:3:      grunt_temple_overflow_gold_and_silver, lightli_temple_of_fire,
          minivault_19, uniq_jessica
D:4:      nicolae_overflow_hidden_temple, nrook_mini_vaults
D:5:      first_bread, serial_shops, nicolae_shop_trees, uniq_sigmund
D:6:      lemuel_insect_pit, lemuel_doored_altar, serial_shops,
          nicolae_shop_trees
D:7:      eat_drink_and_be_merry_uskayaw, minmay_temple_entry_poolview
D:8:      enter_bailey_3, nicolae_transmutations_shop, uniq_pikel, uniq_maurice
Temple:   nicolae_temple_figure_eight
Bailey:   bailey_polearm_5, bailey

Skill      XL: |  1  2  3  4  5  6  7  8  9 |
---------------+----------------------------+-----
Axes           | 4 5 6 7 9 11 | 11.7
Armour         | 3 4 5 6 7 |  7.1
Fighting       | 4 5 6 8 |  8.1
Unarmed Combat | 2 3 |  3.2
Dodging        | 4 |  4.1

Action                   |  1- 3 |  4- 6 |  7- 9 || total
-------------------------+-------+-------+-------++-------
Melee: Hand axe          |    82 |   136 |   308 ||   526
       Headbutt          |    12 |    27 |    59 ||    98
       Punch             |       |       |     1 ||     1
       War axe           |       |       |    21 ||    21
Throw: Javelin           |       |     2 |       ||     2
Invok: Berserk           |       |     2 |     4 ||     6
  Use: Scroll            |     1 |     3 |     1 ||     5
       Potion            |       |     1 |     3 ||     4
  Eat: Chunk             |     1 |    11 |    11 ||    23
       Fruit             |       |       |     3 ||     3
Armor: Ring mail         |    27 |    22 |       ||    49
       Leather armour    |     2 |       |       ||     2
       Animal skin       |     1 |       |       ||     1
       Scale mail        |       |    26 |   115 ||   141
       Plate armour      |       |       |    24 ||    24
Dodge: Dodged            |    44 |    80 |   164 ||   288
